 Dungeon Crawl Stone Soup version 0.29-a0-298-g3c90f9a769 (webtiles) character file.

Game seed: 6025304470629164599

83836 DrunkBamboolord the Severer (level 15, -17/141 HPs)
             Began as a Minotaur Fighter on Dec 14, 2021.
             Was a High Priest of Okawaru.
             Succumbed to a wolf spider's poison
             ... on level 2 of the Spider Nest on Apr 7, 2024.
             The game lasted 01:16:05 (25660 turns).

DrunkBamboolord the Severer (Minotaur Fighter)     Turns: 25660, Time: 01:16:05

Health: -17/141    AC: 20    Str: 31    XL:     15   Next: 33%
Magic:  20/20      EV: 14    Int:  5    God:    Okawaru [*****.]
Gold:   1636       SH:  0    Dex: 23    Spells: 14/14 levels left

rFire   . . .      SeeInvis .   a - +9 executioner's axe of Classification {elec, Dex+5}
rCold   + . .      Faith    .   (shield currently unavailable)
rNeg    + + .      Spirit   .   U - +1 plate armour {rC+}
rPois   .          Reflect  .   (helmet restricted)
rElec   .          Harm     .   V - scarf {shadows}
rCorr   .          Rampage  .   (no gloves)
Will    ++++.      Clarity  +   g - +1 pair of boots
Stlth   ..........              e - amulet of the Four Winds {rN+ Will+++ Clar}
HPRegen 0.33/turn               T - +4 ring of evasion
MPRegen 0.17/turn               f - ring "Atais" {Drain rN+ Str+6 Dex+5}

@: lethally poisoned (-17 -> -101), slowed, very slow
A: horns 2, retaliatory headbutt
a: Renounce Religion, Heroism, Finesse, Duel


You were on level 2 of the Spider Nest.
You worshipped Okawaru.
Okawaru was extremely pleased with you.
You visited 5 branches of the dungeon, and saw 24 of its levels.

You collected 2118 gold pieces.
You spent 482 gold pieces at shops.

Inventory:

Hand Weapons
 a - the +9 executioner's axe of Classification (weapon) {elec, Dex+5}
   (You acquired it on level 2 of the Spider Nest)

   It occasionally discharges a powerful burst of electricity upon striking a
   foe.
   Dex:       It affects your dexterity (+5).
 b - the +10 hunting sling of the Hated {venom, rPois}
   (Okawaru gifted it to you on level 2 of the Lair of Beasts)

   Any ammunition fired from it poisons the flesh of those it strikes.
   rPois:     It protects you from poison.
 p - a +2 hand axe of freezing
 M - the +5 flail "Ejaplove" {protect, Int+2}
   (You found it on level 6 of the Lair of Beasts)

   It grants its wielder temporary protection when it strikes (+7 to AC).
   Int:       It affects your intelligence (+2).
Missiles
 v - 146 sling bullets
 y - 4 throwing nets (quivered)
 B - 8 curare-tipped darts
 O - 10 silver javelins
Armour
 g - a +1 pair of boots (worn)
 D - a +0 kite shield
 L - a +2 chain mail of fire resistance
 U - a +1 plate armour of cold resistance (worn)
 V - a scarf of shadows (worn)
Jewellery
 c - an amulet of regeneration
 e - the amulet of the Four Winds (around neck) {rN+ Will+++ Clar}
   (You bought it in a shop on level 2 of the Orcish Mines)

   [amulet of nothing]

   rN:        It protects you from negative energy.
   Clar:      It protects you against confusion.
   Will:      It greatly increases your willpower.
 f - the ring "Atais" (right hand) {Drain rN+ Str+6 Dex+5}
   (You acquired it on level 1 of the Spider Nest)

   [ring of strength]

   Str:       It affects your strength (+6).
   Dex:       It affects your dexterity (+5).
   rN:        It protects you from negative energy.
   Drain:     It drains your maximum health when unequipped.
 x - a ring of protection from fire
 A - a ring of flight
 E - a +4 ring of protection
 I - a ring of protection from cold
 K - a ring of resist corrosion
 S - a +6 ring of dexterity
 T - a +4 ring of evasion (left hand)
 Y - a ring of see invisible
Wands
 r - a wand of paralysis (8)
 s - a wand of flame (9)
 u - a wand of polymorph (15)
 F - a wand of digging (6)
 G - a wand of iceblast (28)
Scrolls
 j - a scroll of enchant armour
 n - 5 scrolls of fog
 o - 2 scrolls of holy word
 q - 3 scrolls of brand weapon
 w - a scroll of silence
 z - 4 scrolls of fear
 C - 3 scrolls of vulnerability
 J - a scroll of immolation
 Q - 9 scrolls of teleportation
 R - 3 scrolls of magic mapping
 Z - 2 scrolls of identify
Potions
 d - 4 potions of might
 h - 5 potions of lignification
 i - a potion of mutation
 k - 5 potions of heal wounds
 l - a potion of magic
 m - 3 potions of ambrosia
 t - a potion of invisibility {unknown}
 H - 4 potions of haste
 P - 6 potions of curing
 W - a potion of flight
 X - a potion of berserk rage


   Skills:
 * Level 15.5 Fighting
 * Level 16.8 Axes
 * Level 7.5 Slings
 * Level 15.5 Armour
 - Level 2.7 Dodging
 - Level 0.2 Stealth
 * Level 13.8 Shields
 * Level 8.9 Invocations


You had 14 spell levels left.
You didn't know any spells.
Your spell library contained the following spells:

 Spells                   Type           Power      Damage    Failure   Level
 Apportation              Tloc           0%         N/A       95%         1
 Beastly Appendage        Tmut           0%         N/A       95%         1
 Magic Dart               Conj           0%         1d3       95%         1
 Static Discharge         Conj/Air       0%         N/A       99%         2
 Sublimation of Blood     Necr           0%         N/A       99%         2
 Wereblood                Tmut           0%         N/A       99%         2
 Gell's Gravitas          Tloc           0%         N/A       100%        3
 Lesser Beckoning         Tloc           0%         N/A       100%        3
 Mephitic Cloud           Conj/Pois/Air  0%         N/A       100%        3
 Spider Form              Tmut/Pois      0%         N/A       100%        3
 Teleport Other           Tloc           0%         N/A       100%        3
 Dispel Undead            Necr           0%         3d6       100%        4
 Passage of Golubria      Tloc           0%         N/A       100%        4
 Sticky Flame             Conj/Fire      0%         2d3       100%        4
 Alistair's Intoxication  Tmut/Pois      0%         N/A       100%        5
 Silence                  Hex/Air        0%         N/A       100%        5
 Dispersal                Tloc           0%         N/A       100%        6
 Disjunction              Tloc           0%         N/A       100%        8
 Lehudib's Crystal Spear  Conj/Erth      0%         10d2      100%        8
 Call Imp                 Summ           Unusable   N/A       N/A         2
 Summon Hydra             Summ           Unusable   N/A       N/A         7

Dungeon Overview and Level Annotations

Branches:
Dungeon (12/15)            Temple (0/1) D:6            Lair (6/6) D:11
 Shoals (0/4) Lair:4       Spider (3/4) Lair:4        Slime (0/5) Lair:5
    Orc (2/2) D:11            Elf (1/3) Orc:2

Altars:
Dithmenos
Elyvilon
Fedhas
Gozag
Hepliaklqana
Makhleb
Nemelex Xobeh
Okawaru
Ru
Sif Muna
Uskayaw
Vehumet
Yredelemnul
The Shining One
Jiyva

Shops:
D:2 (   D:5 (:   Orc:2 (=*:(

Annotations:
D:3 exclusion: statue
Orc:1 2 transporters, Strykforce's ghost, journeyman GrWz


Innate Abilities, Weirdness & Mutations

You have a pair of horns on your head.
You reflexively headbutt those who attack you in melee.


Message History

Saving game... please wait.
Welcome back, DrunkBamboolord the Minotaur Fighter.
Okawaru says: Bring me glory in combat!
Press ? for a list of commands and other information.
You cut the hornet into ribbons!!!
You kill the hornet!
Okawaru accepts your kill.
You slice the jumping spider!!
Lightning courses through the jumping spider!!
You kill the jumping spider!
Okawaru accepts your kill.
You closely miss the wolf spider. You closely miss the tarantella.
You barely miss the moth of wrath.
You feel extremely sick. The wolf spider hits you!
* * * LOW HITPOINT WARNING * * *
The wolf spider bites you.
* * * LOW HITPOINT WARNING * * *
You are lethally poisoned!
The wolf spider poisons you!
The tarantella touches you but does no damage.
The wolf spider misses you. The wolf spider bites you!
* * * LOW HITPOINT WARNING * * *
The tarantella touches you.
* * * LOW HITPOINT WARNING * * *
You feel momentarily confused. The wolf spider barely misses you.
You furiously retaliate!
You headbutt the wolf spider, but do no damage.
The wolf spider bites you.
* * * LOW HITPOINT WARNING * * *
You are more poisoned.
The wolf spider poisons you! The moth of wrath barely misses you.
You furiously retaliate!
You headbutt the moth of wrath, but do no damage.
The tarantella barely misses you.
You carve the wolf spider like a ham!!! Your headbutt misses the wolf spider.
The wolf spider is severely wounded.
You open the tarantella like a pillowcase!!!
You slash the moth of wrath!
You die...

#.#.....##...........#
..##....###........<.#
...#...######.......##
...#..###.####.#.....#
####.......#####.....#
.##.........#........#
##.....##..##........#
#.....###.##.........#
#......####...^.@s...#
.....### ##...y.s...#
.....# ###.......#
.....# #.......^#
.....# ##.......#
.....# #........#
.....# #(.......#
....## #........#
#^### ##.......#


You could see a wolf spider (berserk), a moth of wrath and a tarantella
(berserk).

Vanquished Creatures
  Rupert (Spider:1)
  3 emperor scorpions
  An entropy weaver (Spider:2)
  Harold (D:7)
  A boulder beetle (D:8)
  A catoblepas (Lair:6)
  9 hydras
  An ogre mage (Orc:1)
  2 centaur warriors (D:12)
  2 two-headed ogres
  13 death yaks
  A deep troll shaman (Lair:6)
  The ghost of chipmonk the Cleaver, a novice MiGl of Uskayaw (D:8)
  4 orc high priests
  A lindwurm (Lair:4)
  Pikel (D:7)
  2 orb spiders
  An orc knight (Orc:1)
  13 wolf spiders
  2 orc sorcerers
  A deep elf zephyrmancer (Orc:2)
  An ugly thing (D:12)
  A deep elf pyromancer (Orc:2)
  A cyclops (D:12)
  A merfolk siren (Lair:4)
  6 elephants
  A black mamba (Lair:4)
  2 gargoyles (D:10)
  3 torpor snails
  Joseph (D:7)
  19 cane toads
  A rime drake (Lair:5)
  4 kobold demonologists
  5 komodo dragons
  4 demonic crawlers
  8 trolls
  9 jumping spiders
  2 polar bears
  2 hornets
  2 shadows
  30 redbacks
  2 spriggans (D:8)
  A wraith (D:10)
  11 tarantellas
  3 basilisks
  38 yaks
  4 wyverns
  3 steam dragons
  2 vampire mosquitoes
  4 fire bats (Lair:2)
  Eustachio (D:4)
  2 wargs
  Edmund (D:5)
  10 water moccasins
  2 acid dragons
  Duvessa (D:4)
  A hornet zombie (D:6)
  2 ice beasts
  24 orc warriors
  A necrophage (D:5)
  17 black bears
  12 ogres
  29 wolves
  A phantom (D:6)
  11 centaurs
  11 kobold brigands
  A gnoll sergeant (D:9)
  13 bullfrogs
  A scorpion (D:5)
  A wyvern zombie (D:7)
  2 water moccasin zombies
  Dowan (D:4)
  14 killer bees
  2 howler monkeys (D:9)
  3 wights
  An electric eel (Lair:2)
  4 centaur zombies
  33 orc priests
  A gnoll shaman (D:5)
  3 hounds
  3 bullfrog skeletons (D:7)
  Crazy Yiuf (D:4)
  Ijyb (D:4)
  31 orc wizards
  6 hell rats (Lair:4)
  A killer bee zombie (D:9)
  A hound skeleton (D:5)
  A howler monkey zombie (D:9)
  13 gnolls
  A howler monkey skeleton (D:6)
  5 adders
  A shadow imp (D:5)
  An ufetubus (D:4)
  An adder zombie (D:5)
  3 worms
  5 dart slugs
  57 orcs
  5 ball pythons
  7 bats
  10 endoplasms
  4 giant cockroaches
  4 goblins
  10 hobgoblins
  12 kobolds
  A quokka (D:1)
  3 training dummies (D:5)
  3 frilled lizards
  2 rats
  A butterfly (Lair:5)
633 creatures vanquished.

Vanquished Creatures (others)
  An orc wizard (Orc:2)
  45 fungi
  58 plants
104 creatures vanquished.

Grand Total: 737 creatures vanquished

Notes
Turn   | Place    | Note
-------+----------+-------------------------------------------
     0 | D:1      | DrunkBamboolord the Minotaur Fighter began the quest for
                  | the Orb.
     0 | D:1      | Reached XP level 1. HP: 19/19 MP: 0/0
    75 | D:1      | Reached XP level 2. HP: 18/27 MP: 1/1
   772 | D:2      | Reached XP level 3. HP: 34/34 MP: 2/2
  1084 | D:2      | Found Noiket's Weapon Shoppe.
  1309 | D:2      | Reached skill level 3 in Axes
  2015 | D:3      | Found a radiant altar of Vehumet.
  2015 | D:3      | Noticed a frost-covered statue
  2051 | D:3      | Found a faded altar of an unknown god.
  2375 | D:3      | Found a glowing golden altar of the Shining One.
  2652 | D:4      | Reached skill level 1 in Dodging
  2652 | D:4      | Reached XP level 4. HP: 41/41 MP: 3/3
  2679 | D:4      | Noticed Duvessa
  2680 | D:4      | Noticed Dowan
  3186 | D:4      | Found a runed translucent door.
  3187 | D:4      | Noticed Crazy Yiuf
  3316 | D:4      | Found an iron altar of Okawaru.
  3333 | D:4      | Became a worshipper of Warmaster Okawaru
  3369 | D:4      | Reached XP level 5. HP: 38/47 MP: 4/4
  3405 | D:4      | Noticed Eustachio
  3434 | D:4      | Killed Eustachio
  3435 | D:4      | Reached skill level 4 in Axes
  3435 | D:4      | Reached skill level 5 in Armour
  3435 | D:4      | Reached XP level 6. HP: 46/55 MP: 5/5
  3447 | D:4      | Noticed Ijyb
  3463 | D:4      | Killed Ijyb
  3590 | D:4      | Killed Duvessa
  3591 | D:4      | Reached skill level 5 in Fighting
  3598 | D:4      | Reached * piety under Okawaru
  3599 | D:4      | Reached skill level 5 in Axes
  3632 | D:4      | Killed Dowan
  3633 | D:4      | Reached skill level 5 in Shields
  3633 | D:4      | Reached XP level 7. HP: 56/61 MP: 6/6
  4049 | D:4      | Killed Crazy Yiuf
  4120 | D:5      | Entered Level 5 of the Dungeon
  4160 | D:5      | Reached skill level 6 in Axes
  4239 | D:5      | Found Mythrire's Firing Range.
  4290 | D:5      | Noticed Edmund
  4314 | D:5      | Killed Edmund
  4314 | D:5      | Reached ** piety under Okawaru
  4315 | D:5      | Reached skill level 1 in Invocations
  4408 | D:5      | Reached XP level 8. HP: 60/70 MP: 8/8
  4515 | D:5      | Found a hazy altar of Hepliaklqana.
  4585 | D:5      | Found a sparkling altar of Nemelex Xobeh.
  4682 | D:5      | Reached skill level 7 in Axes
  4686 | D:5      | Found Vucillot's Book Boutique.
  4686 | D:5      | You fall into a shaft and drop 3 floors!
  4825 | D:8      | Found a runed translucent door.
  4828 | D:8      | Identified the +3 spear "Boefityl" {vorpal, rPois}
  4828 | D:8      | Noticed a polar bear
  4829 | D:8      | Noticed chipmonk's ghost (novice MiGl)
  4930 | D:7      | Found a hide-covered altar of Uskayaw.
  5329 | D:5      | Found a burning altar of Makhleb.
  5516 | D:6      | Reached skill level 8 in Axes
  5693 | D:6      | Found a staircase to the Ecumenical Temple.
  5715 | D:6      | Reached *** piety under Okawaru
  6019 | D:7      | Noticed Joseph
  6030 | D:7      | Killed Joseph
  6030 | D:7      | Received a gift from Okawaru
  6031 | D:7      | Reached skill level 9 in Axes
  6031 | D:7      | Reached XP level 9. HP: 66/78 MP: 8/10
  6038 | D:7      | Found a sacrificial altar of Ru.
  6325 | D:7      | Found a white marble altar of Elyvilon.
  6504 | D:7      | Found a shimmering blue altar of Sif Muna.
  6559 | D:7      | Noticed Harold
  6580 | D:7      | Killed Harold
  6580 | D:7      | Reached **** piety under Okawaru
  6581 | D:7      | Reached skill level 10 in Axes
  6638 | D:7      | Noticed Pikel
  6655 | D:7      | Killed Pikel
  6656 | D:7      | Reached skill level 11 in Axes
  7202 | D:8      | Reached XP level 10. HP: 76/88 MP: 11/11
  7453 | D:9      | Paralysed by a hornet for 2 turns
  7458 | D:9      | Noticed a boulder beetle
  7557 | D:9      | Reached ***** piety under Okawaru
  7805 | D:9      | Found an opulent altar of Gozag.
  7811 | D:9      | Reached skill level 12 in Axes
  8009 | D:8      | Killed a boulder beetle
  8118 | D:9      | Found a blossoming altar of Fedhas.
  8497 | D:10     | Entered Level 10 of the Dungeon
  8627 | D:10     | Received a gift from Okawaru
  8697 | D:10     | Noticed a two-headed ogre
  8715 | D:10     | Killed a two-headed ogre
  8719 | D:10     | Reached skill level 10 in Armour
  8888 | D:10     | Reached XP level 11. HP: 79/97 MP: 13/13
  9000 | D:10     | Noticed a sun demon
  9127 | D:10     | Reached skill level 5 in Invocations
  9210 | D:10     | Found a basalt altar of Yredelemnul.
  9407 | D:10     | Reached skill level 13 in Axes
  9413 | D:10     | Received a gift from Okawaru
  9745 | D:11     | Found a staircase to the Lair.
  9760 | D:11     | Reached skill level 10 in Fighting
  9770 | D:11     | Received a gift from Okawaru
  9786 | D:11     | Noticed a two-headed ogre
  9803 | D:11     | Killed a two-headed ogre
  9803 | D:11     | Identified the +2 robe of Dowdy Brilliance {Dex+3} (Okawaru
                  | gifted it to you on level 11 of the Dungeon)
  9803 | D:11     | Received a gift from Okawaru
  9932 | D:11     | Reached ****** piety under Okawaru
 10273 | D:11     | Reached skill level 14 in Axes
 10356 | D:11     | Found a staircase to the Orcish Mines.
 10439 | Lair:1   | Entered Level 1 of the Lair of Beasts
 11079 | Lair:1   | Noticed a four-headed hydra
 11100 | Lair:1   | Killed a four-headed hydra
 11101 | Lair:1   | Reached XP level 12. HP: 68/108 MP: 15/15
 11226 | Lair:1   | Noticed a five-headed hydra
 11237 | Lair:1   | Killed a five-headed hydra
 11724 | Lair:2   | Found a shadowy altar of Dithmenos.
 11752 | Lair:2   | Noticed a four-headed hydra
 11758 | Lair:2   | Killed a four-headed hydra
 11878 | Lair:2   | Noticed a death yak
 11895 | Lair:2   | Killed a death yak
 12034 | Lair:2   | Identified the +10 hunting sling of the Hated {venom,
                  | rPois} (Okawaru gifted it to you on level 2 of the Lair of
                  | Beasts)
 12034 | Lair:2   | Received a gift from Okawaru
 12532 | Lair:2   | Reached skill level 10 in Shields
 12603 | Lair:2   | Noticed a death yak
 12632 | Lair:2   | Killed a death yak
 12633 | Lair:2   | Reached skill level 1 in Slings
 13339 | Lair:3   | Reached skill level 15 in Axes
 13342 | Lair:3   | Noticed a six-headed hydra
 13357 | Lair:3   | Killed a six-headed hydra
 13419 | Lair:3   | Identified the +0 ring mail of Indecent Exposure {+Inv
                  | Str+2 Int+5 Dex-2} (Okawaru gifted it to you on level 3 of
                  | the Lair of Beasts)
 13419 | Lair:3   | Received a gift from Okawaru
 13495 | Lair:3   | Reached XP level 13. HP: 114/118 MP: 17/17
 13901 | Lair:4   | You fall into a shaft and drop 1 floor!
 14170 | Lair:5   | Identified the +1 scale mail of Wonder {Dex+4}
 14192 | Lair:5   | Found a viscous altar of Jiyva.
 14192 | Lair:5   | Found a staircase to the Slime Pits.
 14563 | Lair:4   | Found a staircase to the Shoals.
 14681 | Lair:4   | Found a hole to the Spider Nest.
 15600 | Lair:6   | Entered Level 6 of the Lair of Beasts
 15731 | Lair:6   | Received a gift from Okawaru
 15898 | Lair:5   | Received a gift from Okawaru
 16367 | Lair:6   | Reached XP level 14. HP: 100/130 MP: 18/18
 16410 | Lair:6   | Reached skill level 16 in Axes
 16486 | Lair:6   | Reached skill level 5 in Slings
 16622 | Lair:6   | Identified the +5 flail "Ejaplove" {protect, Int+2}
 17123 | Orc:1    | Entered Level 1 of the Orcish Mines
 17446 | Orc:1    | Paralysed by an ogre mage for 5 turns
 17609 | Orc:2    | Entered Level 2 of the Orcish Mines
 17830 | Orc:2    | Found Sisosoaxt's Weapon Shoppe.
 18004 | Orc:1    | Noticed Strykforce's ghost (journeyman GrWz)
 18014 | Orc:1    | Found a transporter.
 18093 | Orc:1    | Received a gift from Okawaru
 18151 | Orc:1    | Found a transporter.
 18603 | D:8      | Killed chipmonk's ghost
 19962 | Arena    | Entered the Arena
 20081 | Orc:2    | Reached skill level 15 in Armour
 20118 | Orc:2    | Found Eshe's Antique Weapon Boutique.
 20119 | Orc:2    | Found Sacsad's Jewellery Boutique.
 20122 | Orc:2    | Found Ofianagh's Book Shop.
 20127 | Orc:2    | Found Sokh's Assorted Antiques.
 20160 | Orc:2    | Bought the amulet of the Four Winds {rN+ Will+++ Clar} for
                  | 482 gold pieces
 20160 | Orc:2    | Found the amulet of the Four Winds {rN+ Will+++ Clar}
 20292 | Orc:2    | Found a staircase to the Elven Halls.
 20382 | Elf:1    | Entered Level 1 of the Elven Halls
 20733 | Spider:1 | Entered Level 1 of the Spider Nest
 20943 | Spider:1 | Identified a scroll of acquirement
 20945 | Spider:1 | Acquired the ring "Atais" {Drain rN+ Str+6 Dex+5}
 20970 | Spider:1 | Noticed Rupert
 21666 | Spider:1 | Killed Rupert
 21709 | Spider:1 | Received a gift from Okawaru
 21899 | Spider:1 | Reached skill level 15 in Fighting
 22878 | Spider:1 | Reached XP level 15. HP: 140/141 MP: 20/20
 22939 | Spider:1 | Identified the +6 longbow of Keqoh {flame, Dex+3} (Okawaru
                  | gifted it to you on level 1 of the Spider Nest)
 22939 | Spider:1 | Received a gift from Okawaru
 24952 | Spider:2 | Acquired the +9 executioner's axe of Classification {elec,
                  | Dex+5}
 25659 | Spider:2 | Upgraded the game from 0.28-a0-1147-gc7b72d3202 to
                  | 0.28-a0-1506-g3893175d92
 25659 | Spider:2 | Upgraded the game from 0.28-a0-1506-g3893175d92 to
                  | 0.29-a0-298-g3c90f9a769
 25659 | Spider:2 | HP: 7/141 [wolf spider (6)]
 25660 | Spider:2 | Succumbed to a wolf spider's poison

Illustrated notes

Levels and vault maps discovered:
D:1:      tarquinn_simple_flora_water_a, layout_rooms, nrook_campfire,
          minmay_split_cup_large
D:2:      layout_basic, serial_shops, shop
D:3:      layout_basic, mainiacjoe_overflow_paths, vehumet_statue,
          dreamdust_ecumenical_altar_grove, serial_bayou_crossing
D:4:      layout_cave_pods, okawaru_metal_pillars_3, uniq_crazy_yiuf_cottage,
          uniq_duvessa, uniq_eustachio, uniq_ijyb
D:5:      layout_basic, lemuel_round_altar, nemelex_spade_bored_becter,
          makhleb_blood_cavern_becter, serial_shops, shop,
          nicolae_shop_firing_range, uniq_edmund
D:6:      layout_basic, minmay_temple_entry_stoned_glass, feat_on_display
D:7:      layout_loops_cross, nicolae_ru_sacrificial_ziggurat,
          mainiacjoe_overflow_alcove_4, lemuel_blue_sif_altar,
          mainiacjoe_overflow_catwalk, uniq_joseph, uniq_harold, uniq_pikel
D:8:      layout_gridville, ebering_ghost_funeral_grove
D:9:      layout_loops_ring, fedhas_bush_and_centaur_altar,
          mainiacjoe_overflow_concentric_impassable, chequers_mini_garden,
          serial_park_tiny_1
D:10:     minmay_skewed_foursquare, layout_loops_ring, kennysheep_mini,
          special_room [special_room_kobold]
D:11:     layout_roguey, due_lair_maze_entry_diamond, orc_0_dummy,
          amethyst_killhole
D:12:     layout_irregular_city
Lair:1:   layout_long_grid, st_stairs_12
Lair:2:   layout_gridlike, basic_altar, beast_lair_carwin_10
Lair:3:   layout_chaotic_city
Lair:4:   layout_hall_layers, minmay_shoals_entry_lonely_mermaid,
          nicolae_spider_entry_orb_guardian, st_stairs_12
Lair:5:   layout_cave_pods, slime_altar_1, lemuel_fruit_fields
Lair:6:   grunt_lair_end_beastmaster, layout_cellular_growth
Spider:1: layout_chambers, uniq_rupert
Spider:2: layout_spider_delve
Spider:3: layout_spider_delve, uniq_bai_suzhen
Orc:1:    layout_caves, gammafunk_ghost_wrathful_warriors, mines4_lemuel
Orc:2:    st_orc_mages, layout_diamond_mine, serial_shops, shop
Elf:1:    eino_elf_arrival_sip, layout_loops_corners, serial_shops, shop,
          minmay_elf_demonology, solitary_fountain, minivault_16,
          kilobyte_mutagenic_chamber, lemuel_upstairs_altar, uniq_frances

Skill      XL: |  1  2  3  4  5  6  7  8  9 10 11 12 13 14 |
---------------+-------------------------------------------+-----
Fighting       | 4 5 6 8 9 10 12 13 15 | 15.5
Shields        | 4 5 6 7 9 10 11 13 | 13.8
Armour         | 4 5 7 8 10 11 13 14 15 | 15.5
Axes           | 3 4 5 6 9 11 12 14 15 16 | 16.8
Dodging        | 1 2 |  2.7
Invocations    | 1 2 3 4 5 6 7 8 |  8.9
Slings         | 2 4 7 |  7.5
Stealth        | |  0.2

Action                   |  1- 3 |  4- 6 |  7- 9 | 10-12 | 13-15 || total
-------------------------+-------+-------+-------+-------+-------++-------
Melee: War axe           |    14 |       |       |       |       ||    14
       Headbutt          |    13 |     8 |    72 |   227 |   320 ||   640
       Hand axe          |    84 |    89 |   312 |   729 |  1123 ||  2337
       Flail             |       |       |       |    23 |    45 ||    68
       Executioner's axe |       |       |       |       |    11 ||    11
 Fire: Hunting sling     |       |       |       |       |   124 ||   124
Throw: Dart              |       |       |     7 |     3 |       ||    10
       Throwing net      |       |       |       |       |     1 ||     1
Invok: Heroism           |       |       |     3 |    10 |    17 ||    30
       Finesse           |       |       |       |     2 |     4 ||     6
       Duel              |       |       |       |       |     1 ||     1
Evoke: Wand              |       |       |       |       |     1 ||     1
  Use: Scroll            |     6 |     1 |     5 |    12 |    15 ||    39
       Potion            |       |       |     6 |     1 |     2 ||     9
 Stab: Petrified         |       |       |       |       |     2 ||     2
       Petrifying        |       |       |       |       |     1 ||     1
Armor: Scale mail        |    46 |    53 |    37 |       |       ||   136
       Leather armour    |       |       |    45 |       |       ||    45
       Chain mail        |       |       |    25 |   377 |   291 ||   693
       Steam dragon scal |       |       |     2 |       |       ||     2
       Plate armour      |       |       |       |       |   328 ||   328
Dodge: Dodged            |    53 |    65 |   130 |   308 |   659 ||  1215
Block: Buckler           |    26 |    34 |    58 |   172 |   286 ||   576
       Kite shield       |       |       |       |       |   253 ||   253

Table legend: (Time is in decaauts)
 A = Elapsed time spent in this place.
 B = Non-inter-level travel time spent in this place.
 C = Inter-level travel time spent in this place.
 D = Time resting spent in this place.
 E = Time spent auto-exploring this place.
 F = Levels seen in this place.
 G = Mean time per level.
                   A        B        C        D        E       F      G
               +--------+--------+--------+--------+--------+-----+--------+
         Total |  24917 |  22713 |   2204 |   2452 |  14093 |  25 |  996.7 |
       Dungeon |  12177 |  10633 |   1544 |    604 |   6471 |  12 | 1014.8 |
          Lair |   6375 |   5944 |    431 |    793 |   3789 |   6 | 1062.5 |
   Spider Nest |   4127 |   4067 |     60 |    845 |   2733 |   3 | 1375.7 |
  Orcish Mines |   2196 |   2028 |    168 |    196 |   1099 |   2 | 1098.0 |
   Elven Halls |     19 |     19 |      0 |      0 |      0 |   1 |   19.0 |
         Arena |     20 |     20 |      0 |     13 |      0 |   1 |   20.0 |
               +--------+--------+--------+--------+--------+-----+--------+

Top non-repeatable levels by time:
Spider:1: 2652 daAuts
  Lair:4: 1469 daAuts
Spider:2: 1463 daAuts
     D:4: 1351 daAuts
     D:8: 1216 daAuts
     D:2: 1187 daAuts
  Lair:6: 1175 daAuts
   Orc:2: 1161 daAuts
    D:10: 1150 daAuts
    D:11: 1065 daAuts
     D:9: 1062 daAuts
  Lair:2: 1058 daAuts
  Lair:5: 1052 daAuts
   Orc:1: 1035 daAuts
     D:5: 970 daAuts
